Map: Lightshade LE

Players

Epic

  • Race: Terran Terran
  • League: Grandmaster

MaSa - Winner!

  • Race: Terran Terran

Event: DreamHack SC2 Masters 2021 Summer

VOD

Have the link to the VOD?

Description

Time

  • Played on: May 29, 2021, 6:31 p.m.
  • Length: 23:39

All games in this series

Show
View Real Time Build Order
Export as new Build Order

Epic Terran 

Build Orders:  

Get SALT Encoding   

  12  0:00  SCV  
  13  0:12  SCV  
  14  0:17  Supply Depot  
  14  0:24  SCV  
  15  0:38  SCV  
  15  0:39  Barracks  
  16  0:43  Refinery  
  16  0:50  SCV  
  16  0:52  Refinery  
  17  1:02  SCV  
  18  1:15  SCV  
  19  1:26  Reaper  
  19  1:27  Orbital Command  
  19  1:29  Supply Depot  
  20  1:43  Factory  
  20  1:53  SCV  
  21  1:58  Reaper  
  22  2:05  SCV  
  23  2:18  Command Center  
  23  2:22  SCV  
  24  2:27  Hellion  
  26  2:30  Barracks Reactor  
  26  2:35  SCV  
  26  2:42  Starport  
  26  2:47  SCV  
  28  2:52  Factory Tech Lab  
  26  2:59  SCV  
  27  3:06  Marine x2  
  27  3:10  Supply Depot  
  27  3:11  SCV  
  30  3:23  SCV  
  31  3:31  Factory Tech Lab  
  31  3:32  Raven, Marine x2  
  35  3:36  SCV  
  36  3:44  Refinery  
  36  3:48  SCV  
  36  3:51  Orbital Command  
  36  3:52  Marine x2  
  36  3:54  Siege Tank  
  42  4:02  SCV  
  43  4:04  Supply Depot  
  43  4:09  Marine x2  
  45  4:17  SCV  
  45  4:18  SCV  
  47  4:28  Marine  
  46  4:36  SCV x2  
  41  4:45  Raven, Siege Tank  
  44  4:46  Marine  
  44  4:50  SCV x2  
  38  5:03  SCV x2  
  34  5:15  SCV x2, Marine  
  34  5:19  Siege Tank  
  34  5:20  Command Center  
  39  5:27  SCV  
  39  5:29  SCV  
  39  5:34  Barracks Reactor  
  40  5:39  SCV  
  40  5:41  SCV  
  42  5:49  Barracks  
  42  5:50  Barracks, Viking  
  42  5:52  SCV  
  42  5:53  SCV  
  46  6:04  SCV  
  47  6:05  SCV  
  48  6:16  SCV, Siege Tank  
  48  6:18  SCV  
  55  6:23  Refinery  
  53  6:25  Supply Depot  
  53  6:28  SCV, Viking  
  53  6:30  SCV  
  53  6:32  Orbital Command  
  56  6:41  SCV  
  56  6:42  SCV  
  57  6:48  Viking  
  57  6:53  SCV  
  61  6:54  SCV  
  61  6:56  Marine, Stimpack  
  61  6:57  Marine x2  
  61  6:58  SCV  
  65  7:05  SCV  
  65  7:11  SCV x2  
  63  7:16  Siege Tank  
  63  7:20  Viking x2  
  70  7:24  SCV x2  
  70  7:28  Barracks Reactor, Engineering Bay x2  
  72  7:30  Barracks Reactor, Orbital Command  
  64  7:43  SCV x2, Marine  
  59  7:50  Viking  
  63  8:01  SCV x2  
  63  8:03  Barracks  
  63  8:04  Barracks, Marine  
  66  8:10  Marine x2, Viking  
  66  8:11  Marine x2  
  66  8:12  Orbital Command, Siege Tank  
  67  8:15  Terran Infantry Weapons Level 1  
  67  8:17  Terran Infantry Armor Level 1  
  67  8:22  SCV x2  
  67  8:23  Marine  
  70  8:28  Marine x3  
  72  8:39  Marine  
  72  8:41  Marine  
  74  8:44  Starport Reactor  
  74  8:46  SCV x2, Marine  
  74  8:47  Supply Depot  
  74  8:48  Siege Tank  
  80  8:57  Orbital Command  
  80  9:01  Marine x6  
  83  9:07  Marine  
  83  9:09  Orbital Command  
  80  9:18  Marine  
  80  9:19  Marine x4  
  80  9:23  Marine  
  85  9:24  Orbital Command, Medivac  
  85  9:25  Marine, Medivac  
  85  9:30  Supply Depot  
  85  9:31  Supply Depot  
  85  9:36  Combat Shield  
  85  9:38  SCV  
  85  9:39  Siege Tank  
  85  9:41  Marine x4  
  85  9:44  SCV  
  85  9:54  Marine x3, Medivac  
  85  9:55  SCV, Medivac  
  85  9:57  SCV  
  94  10:02  Supply Depot  
  94  10:03  Marine x2  
  96  10:07  Marine  
  96  10:08  Marine  
  90  10:20  SCV x3  
  77  10:21  Marine x4  
  77  10:22  Marine  
  77  10:25  Marine  
  77  10:26  Siege Tank  
  79  10:32  Armory  
  79  10:33  SCV x2  
  81  10:38  Medivac x2  
  81  10:42  Marine x4  
  89  10:44  Marine  
  89  10:47  SCV x2  
  89  10:48  SCV  
  93  10:55  Marine x2  
  94  10:59  SCV  
  94  11:00  Marine x3  
  87  11:05  SCV x2  
  87  11:08  Siege Tank  
  89  11:12  SCV  
  89  11:13  Marine x4  
  89  11:16  Medivac  
  89  11:17  Marine  
  89  11:18  Marine  
  97  11:20  Terran Infantry Weapons Level 2  
  94  11:26  Marine  
  94  11:30  Marine  
  94  11:31  Terran Infantry Armor Level 2, Marine x3  
  99  11:35  Marine  
  100  11:40  Marine  
  100  11:44  Marine  
  100  11:48  Marine x3  
  100  11:49  Marine  
  100  11:52  SCV x3  
  100  11:53  Marine  
  105  11:56  Medivac, Siege Tank  
  105  11:58  Marine  
  107  12:02  Marine  
  107  12:06  Marine x4  
  109  12:10  SCV  
  109  12:11  SCV x2, Marine  
  109  12:12  Supply Depot  
  109  12:13  Supply Depot  
  113  12:16  Marine  
  113  12:20  Marine  
  111  12:24  Marine x4  
  111  12:29  Marine  
  100  12:31  Medivac  
  100  12:34  Marine  
  96  12:38  Marine  
  96  12:40  Refinery  
  96  12:41  Refinery  
  96  12:42  Marine x4  
  99  12:46  Siege Tank  
  99  12:47  Marine  
  97  12:51  Marine  
  97  12:55  Marine  
  93  13:00  Marine x4, Command Center  
  93  13:04  Marine  
  93  13:07  Medivac x2  
  93  13:09  Marine  
  98  13:13  Marine  
  98  13:16  SCV x2  
  98  13:17  Barracks x2, Marine x3  
  98  13:18  Marine  
  98  13:19  Supply Depot  
  105  13:21  Siege Tank  
  105  13:22  Marine  
  109  13:27  Marine  
  109  13:31  Marine  
  111  13:35  Marine x2  
  111  13:39  Medivac x2  
  117  13:48  Marine x4  
  121  13:49  Marine  
  121  13:53  Marine x2  
  107  13:56  Siege Tank  
  107  14:00  Terran Infantry Weapons Level 3  
  107  14:01  Terran Infantry Armor Level 3  
  107  14:02  SCV  
  105  14:03  SCV  
  105  14:05  Marine  
  105  14:06  Marine x3  
  105  14:07  Barracks Reactor, Marine  
  105  14:08  Barracks Reactor  
  111  14:11  Terran Vehicle Weapons Level 1  
  111  14:17  Marine  
  111  14:18  Marine  
  111  14:22  Planetary Fortress  
  111  14:23  Marine x3  
  111  14:24  Marine  
  117  14:25  Marine  
  118  14:31  Missile Turret  
  118  14:33  Siege Tank  
  118  14:35  Marine  
  118  14:36  Marine  
  118  14:37  Missile Turret  
  123  14:41  Marine x2, Medivac  
  123  14:43  Medivac  
  129  14:47  Factory  
  129  14:49  Marine  
  129  14:50  Marine x3  
  129  14:52  Marine x2  
  135  14:54  Marine x2  
  137  15:00  Supply Depot  
  137  15:05  Siege Tank  
  118  15:16  Marine  
  118  15:17  Marine x10  
  118  15:21  Medivac x2  
  131  15:34  Marine x9  
  131  15:35  Marine  
  133  15:36  Factory Tech Lab  
  133  15:37  Siege Tank  
  132  15:54  Marine  
  132  15:55  Marine x10  
  133  15:59  Command Center  
  125  16:05  Medivac x2  
  120  16:12  Marine x7  
  120  16:13  Marine x3  
  120  16:14  Siege Tank  
  131  16:27  Marine  
  131  16:30  Marine x6  
  138  16:35  Marine x4  
  138  16:36  Terran Vehicle Weapons Level 2  
  140  16:42  Siege Tank  
  140  16:45  Marine  
  144  16:48  Marine x5  
  144  16:53  Marine  
  148  17:00  Siege Tank  
  146  17:08  Marine x10  
  137  17:14  Command Center, Siege Tank  
  145  17:17  Missile Turret x2  
  145  17:19  Medivac  
  147  17:25  Medivac  
  149  17:35  Marine x10  
  149  17:37  Marine  
  159  17:47  Siege Tank x2  
  149  17:57  Marine x9  
  109  18:06  Medivac x2  
  109  18:12  Marine x2  
  114  18:15  Marine x5  
  122  18:20  Siege Tank x2  
  124  18:29  Marine  
  124  18:30  Marine  
  124  18:31  Marine x4  
  124  18:33  Marine x2  
  94  18:37  Marine x3  
  82  18:47  Marine x2  
  81  18:49  Marine  
  81  18:51  Marine  
  81  18:52  Marine x4  
  81  18:55  Marine x2  
  87  18:59  Medivac x2  
  87  19:00  Marine  
  90  19:05  Marine  
  90  19:06  Siege Tank  
  91  19:13  Siege Tank  
  94  19:17  Marine  
  94  19:18  Marine x3  
  94  19:21  Marine x2  
  94  19:22  Marine  
  101  19:29  Medivac x2  
  103  19:40  Marine  
  98  19:54  Marine x9  
  98  19:58  Marine x2  
  109  20:02  Orbital Command  
  109  20:06  Siege Tank  
  102  20:19  Medivac  
  102  20:20  Marine x4, Medivac  
  104  20:28  Marine x3  
  104  20:34  Marine x2  
  107  20:38  Marine  
  96  20:43  Marine x3  
  90  20:55  Siege Tank  
  82  21:04  Marine x4  
  86  21:12  Marine x3  
  89  21:25  Marine x6  
  91  21:27  Siege Tank  
  91  21:33  Medivac x2  
  91  21:37  Factory Tech Lab  
  95  21:46  Marine  
  95  21:47  Marine x8  
  96  21:52  Marine x2  
  99  22:04  Marine x6  
  82  22:17  Marine x5  
  82  22:22  Marine  
  67  22:23  Medivac  
  67  22:25  Marine  
  67  22:26  Marine  
  65  22:33  Medivac  
  66  22:39  Marine  
  67  22:50  Marine x3  
  61  23:05  Siege Tank  
  64  23:07  Marine  
Show
View Real Time Build Order
Export as new Build Order

MaSa Terran - Winner!

Build Orders:  

Get SALT Encoding   

  12  0:00  SCV  
  13  0:12  SCV  
  14  0:16  Supply Depot  
  14  0:24  SCV  
  15  0:38  SCV  
  15  0:39  Barracks  
  16  0:43  Refinery  
  16  0:48  Refinery  
  16  0:52  SCV  
  17  1:04  SCV  
  18  1:16  SCV  
  19  1:26  Reaper  
  19  1:28  Orbital Command  
  20  1:37  Factory  
  20  1:44  Supply Depot  
  20  1:54  SCV  
  20  1:58  Reaper  
  22  2:06  SCV  
  23  2:17  Command Center  
  23  2:19  SCV  
  24  2:24  Hellion  
  26  2:36  Barracks Reactor, SCV  
  27  2:40  Starport  
  27  2:47  Factory Tech Lab  
  27  2:48  SCV  
  28  2:52  Supply Depot  
  28  3:00  SCV  
  29  3:11  Marine  
  30  3:12  SCV  
  30  3:14  Marine, Siege Tank  
  35  3:20  Refinery  
  35  3:23  Medivac  
  35  3:25  SCV  
  38  3:29  Marine  
  38  3:32  Marine  
  40  3:35  Orbital Command  
  40  3:40  SCV  
  41  3:46  Cyclone  
  41  3:47  Marine  
  45  3:49  Marine  
  45  3:52  SCV  
  45  3:53  Starport Tech Lab  
  47  3:59  Supply Depot  
  47  4:01  SCV  
  48  4:05  Marine  
  48  4:07  Marine  
  50  4:10  SCV  
  50  4:12  Raven  
  50  4:15  SCV  
  54  4:20  Supply Depot  
  41  4:38  Marine x2  
  41  4:39  SCV  
  39  4:45  Siege Tank  
  39  4:51  SCV  
  40  4:53  SCV  
  41  5:03  SCV  
  41  5:05  SCV, Raven  
  44  5:15  SCV  
  44  5:17  SCV  
  44  5:18  Marine x2  
  44  5:19  Siege Tank  
  51  5:27  SCV  
  50  5:29  SCV  
  51  5:39  SCV  
  51  5:41  SCV  
  51  5:42  Command Center  
  53  5:51  SCV  
  53  5:54  Siege Tank  
  57  5:58  SCV  
  58  6:12  SCV  
  58  6:14  Viking x2  
  58  6:17  SCV  
  61  6:21  Supply Depot  
  61  6:23  Refinery, Marine  
  62  6:26  Siege Tank  
  62  6:29  Stimpack  
  65  6:41  SCV  
  65  6:43  SCV  
  65  6:44  Marine, Viking  
  65  6:46  Viking  
  72  6:56  SCV, Barracks  
  72  6:58  Barracks  
  72  7:09  SCV x2, Orbital Command  
  74  7:17  Marine  
  74  7:20  Engineering Bay  
  74  7:21  SCV  
  74  7:22  Engineering Bay, Siege Tank  
  73  7:27  SCV  
  74  7:33  SCV  
  72  7:39  Orbital Command  
  72  7:40  Marine  
  73  7:44  Medivac  
  73  7:46  SCV  
  76  7:55  Siege Tank  
  76  7:58  Barracks Reactor, Marine  
  80  7:59  Barracks Reactor  
  80  8:08  SCV x2  
  80  8:09  Medivac  
  80  8:11  SCV  
  77  8:14  Medivac  
  77  8:16  Marine, Terran Infantry Weapons Level 1  
  77  8:17  Terran Infantry Armor Level 1  
  78  8:20  SCV  
  78  8:26  SCV  
  80  8:30  Siege Tank  
  80  8:33  SCV x2  
  85  8:38  Marine  
  85  8:39  Marine x4  
  85  8:41  SCV  
  91  8:56  Medivac  
  91  8:59  Marine x3  
  91  9:01  SCV  
  91  9:02  Medivac, Siege Tank  
  89  9:07  Marine  
  93  9:11  Supply Depot  
  93  9:13  Supply Depot x2  
  93  9:25  SCV x3, Marine x2  
  93  9:29  Marine  
  93  9:30  Marine x2  
  93  9:37  SCV  
  94  9:40  SCV, Siege Tank  
  94  9:42  Marine x2  
  94  9:43  SCV  
  100  9:47  Marine  
  100  9:49  SCV, Marine x2  
  100  9:52  SCV  
  105  9:54  Barracks  
  105  10:00  SCV, Marine x2  
  105  10:01  SCV  
  105  10:04  SCV  
  105  10:05  Marine  
  105  10:06  Refinery  
  111  10:07  Marine  
  111  10:08  Refinery, Marine, Supply Depot  
  111  10:09  Supply Depot  
  113  10:14  Barracks  
  113  10:18  Marine x2, Siege Tank  
  103  10:22  Marine  
  103  10:25  SCV, Marine  
  103  10:26  Marine  
  101  10:31  SCV x2  
  101  10:35  Armory  
  103  10:36  Marine x2  
  103  10:40  Marine  
  103  10:41  Supply Depot x2  
  106  10:43  Marine, Viking  
  106  10:44  Marine  
  106  10:47  Viking  
  112  10:54  Marine  
  112  11:00  Marine x3  
  112  11:02  Barracks Reactor x2  
  107  11:08  Marine  
  107  11:09  Combat Shield  
  103  11:11  Marine  
  103  11:12  SCV  
  103  11:13  Medivac  
  103  11:17  Medivac  
  107  11:23  Marine  
  107  11:24  Marine x2, Siege Tank  
  107  11:26  Marine  
  107  11:27  SCV  
  109  11:33  Marine  
  110  11:41  Marine x3  
  110  11:43  Medivac  
  110  11:46  Marine  
  110  11:47  Marine x3, Medivac  
  114  11:50  Marine  
  114  11:54  SCV x2  
  114  11:56  Siege Tank  
  113  12:07  SCV  
  113  12:08  SCV  
  107  12:13  Viking  
  107  12:17  Viking  
  107  12:20  Marine x6  
  107  12:21  Marine  
  96  12:30  Siege Tank  
  96  12:38  Marine x7  
  96  12:40  Terran Infantry Weapons Level 2  
  96  12:43  Viking  
  101  12:46  SCV x2  
  100  12:55  Marine  
  100  12:56  Marine x3  
  98  13:03  SCV x3, Siege Tank  
  99  13:06  Viking  
  99  13:10  Terran Vehicle Weapons Level 1  
  101  13:15  Terran Infantry Armor Level 2  
  101  13:16  Barracks  
  101  13:23  Marine x5  
  106  13:27  Marine x2  
  106  13:31  SCV x2  
  106  13:34  Sensor Tower  
  110  13:35  Siege Tank  
  110  13:41  Marine x4  
  112  13:51  Marine x2  
  112  13:52  Marine  
  97  13:58  SCV x3, Marine  
  97  13:59  Marine x3  
  102  14:07  Command Center, Siege Tank  
  102  14:09  Marine x3  
  107  14:10  SCV x3  
  111  14:22  SCV  
  111  14:23  Marine x3  
  115  14:24  SCV x2  
  117  14:33  Marine x4  
  117  14:34  SCV  
  117  14:35  Marine  
  117  14:36  SCV  
  124  14:50  Marine x4  
  124  14:51  Marine x2  
  124  14:52  Marine x2  
  131  14:53  Marine  
  131  14:57  Orbital Command  
  132  15:07  Marine  
  132  15:08  Marine x3  
  132  15:09  Marine x2  
  132  15:10  Marine x2  
  121  15:15  Marine  
  121  15:16  Siege Tank  
  122  15:24  Medivac  
  122  15:25  Marine x2  
  122  15:26  Marine x3  
  122  15:27  Marine  
  122  15:28  Marine x2  
  131  15:33  Marine  
  130  15:43  Marine x4  
  130  15:44  Marine x2  
  130  15:45  Marine  
  130  15:46  Marine  
  137  15:51  Marine  
  132  16:01  Marine x4  
  132  16:02  Marine x2  
  132  16:03  Marine x2  
  133  16:06  Siege Tank  
  133  16:08  SCV x3  
  133  16:09  Marine  
  137  16:19  Marine x4  
  137  16:20  Marine x2  
  137  16:21  Marine x2  
  137  16:24  Viking x2  
  149  16:26  Marine  
  150  16:37  Marine x4  
  150  16:38  Marine x2  
  150  16:39  Marine, Siege Tank  
  156  16:44  Marine  
  156  16:46  Supply Depot x2  
  156  16:48  Marine  
  146  16:54  Medivac x2  
  145  17:03  SCV, Marine  
  145  17:04  SCV x2, Marine  
  145  17:05  Marine x3  
  145  17:06  Marine x2  
  145  17:07  Marine x2  
  142  17:11  Siege Tank  
  142  17:14  Command Center  
  144  17:21  Marine  
  144  17:22  Marine x2  
  146  17:23  Marine x2  
  146  17:24  Marine x2, Liberator, SCV  
  146  17:25  Marine x2  
  155  17:39  Marine x2  
  157  17:47  Supply Depot  
  157  17:48  Supply Depot  
  157  17:50  Marine  
  157  17:51  Marine x5  
  157  17:52  Marine  
  157  17:57  Marine x2  
  143  18:06  SCV  
  143  18:08  Marine x2  
  143  18:09  Marine x4  
  143  18:10  Marine  
  151  18:15  Marine x2  
  153  18:26  Marine x2  
  153  18:27  Marine x5  
  155  18:31  Siege Tank  
  155  18:32  Marine  
  155  18:33  Marine  
  136  18:36  SCV  
  124  18:44  Marine x3  
  124  18:45  Marine  
  124  18:49  Terran Infantry Weapons Level 3  
  124  18:51  SCV x2  
  124  19:00  Marine x2  
  126  19:05  SCV  
  126  19:06  SCV x2  
  126  19:09  Siege Tank  
  131  19:12  Marine x3  
  134  19:22  Marine x3  
  134  19:23  SCV  
  135  19:27  Marine  
  135  19:28  Marine x2  
  138  19:32  Marine x2  
  135  19:43  Marine  
  135  19:44  Marine x3  
  135  19:45  Marine x2  
  137  19:48  Viking  
  137  19:51  Planetary Fortress  
  139  19:58  Marine x2  
  139  19:59  Marine  
  141  20:01  Marine  
  141  20:02  Marine x2  
  143  20:07  Marine  
  143  20:08  Marine x2, Siege Tank  
  143  20:16  Marine x3  
  143  20:19  Marine  
  147  20:25  Marine, Viking  
  150  20:30  Medivac  
  152  20:40  Siege Tank  
  152  20:41  Marine x3  
  152  20:42  Marine x3  
  149  20:47  Marine  
  149  20:48  Marine  
  149  20:49  Marine  
  136  20:55  Medivac  
  139  20:59  Marine x3  
  134  21:07  Marine x5  
  134  21:09  Viking  
  138  21:12  Siege Tank  
  139  21:25  Viking  
  137  21:31  Marine x3  
  137  21:32  Marine x3  
  135  21:35  SCV  
  136  21:40  Marine x3  
  136  21:42  Medivac  
  136  21:44  Siege Tank  
  142  21:47  SCV  
  142  21:49  Marine x3  
  146  21:55  Medivac  
  146  21:58  Marine x4  
  151  22:03  Marine  
  151  22:04  Marine  
  151  22:07  Marine x2  
  145  22:09  Marine  
  145  22:12  Liberator  
  146  22:16  Marine x4  
  146  22:17  Siege Tank  
  146  22:20  Marine  
  146  22:22  Marine  
  149  22:25  Marine x2, Medivac  
  149  22:27  Marine  
  151  22:34  Marine x4  
  153  22:38  Marine  
  153  22:40  Marine  
  153  22:42  Marine  
  153  22:43  SCV x3, Marine  
  155  22:45  Marine  
  155  22:49  Siege Tank  
  158  22:51  Marine  
  158  22:52  Marine x2  
  158  22:53  Marine  
  158  22:54  Sensor Tower  
  158  22:55  SCV  
  158  22:56  Marine  
  158  22:58  Marine  
  162  22:59  Medivac  
  162  23:00  Marine  
  162  23:02  Marine  
  162  23:03  Marine, Medivac  
  169  23:09  Marine x3  
  169  23:11  Marine  
  163  23:20  Marine x5  
Tags
 
Add a new tag
Caveats
  • Supply blocks, unpowered buildings, or Contaminate may cause inaccurate times.
  • Supply counts are checked every 10 seconds.